 Dungeon Crawl Stone Soup version 0.27-a0-695-gb4952372f7 (webtiles) character file.

Game seed: 11897359555209584306

7 night the Insei (level 1, -3/15 HPs)
             Began as a Demigod Transmuter on Mar 21, 2021.
             Slain by a goblin
             ... wielding a +0 dagger
              (6 damage)
             ... on level 1 of the Dungeon.
             The game lasted 00:00:50 (298 turns).

night the Insei (Demigod Transmuter)                 Turns: 298, Time: 00:00:51

Health: -3/15      AC:  2    Str: 11    XL:     1   Next: 73%
Magic:  4/5        EV: 12    Int: 15    God:
Gold:   21         SH:  0    Dex: 14    Spells: 2/3 levels left

rFire    . . .     SeeInvis .     - Unarmed
rCold    . . .     Faith    .   (no shield)
rNeg     . . .     Spirit   .   a - +0 robe
rPois    .         Reflect  .   (helmet currently unavailable)
rElec    .         Harm     .   (no cloak)
rCorr    .         Rampage  .   (no gloves)
Will     .....                  (boots currently unavailable)
Stlth    +.........             (no amulet)
HPRegen  0.05/turn              (no ring)
MPRegen  0.09/turn              (no ring)

@: appendages
A: horns 2, talons 2, high mp 1, forlorn
a: End Transformation


You were on level 1 of the Dungeon.
You had temporarily grown beastly horns and talons.
You visited 1 branch of the dungeon, and saw 1 of its levels.

You collected 21 gold pieces.

Inventory:

Missiles
 b - 11 stones
Armour
 a - a +0 robe (worn)


   Skills:
 - Level 0.8 Fighting
 - Level 1.7 Dodging
 * Level 3.0 Unarmed Combat
 - Level 1.7 Spellcasting
 + Level 2.0 Transmutations


You had 2 spell levels left.
You knew the following spells:

 Your Spells              Type           Power      Damage    Failure   Level
a - Beastly Appendage     Tmut           14%        N/A       10%         1

Your spell library contained the following spells:

 Spells                   Type           Power      Damage    Failure   Level
 Wereblood                Tmut           7%         N/A       16%         2
 Spider Form              Tmut/Pois      2%         N/A       41%         3
 Ice Form                 Ice/Tmut       4%         N/A       83%         4
 Blade Hands              Tmut           3%         N/A       95%         5


Dungeon Overview and Level Annotations

Branches:
Dungeon (1/15)


Innate Abilities, Weirdness & Mutations

You have temporarily grown beastly horns and talons.
Your attributes grow dramatically as you level up.
You have an increased reservoir of magic. (+10% MP)
You shall have no god before yourself.


Message History

Your transformation is almost over.
The bat closely misses you. x2
A goblin and a dart slug come into view.
The goblin shouts!
The bat closely misses you.
You miss the bat. Your kick misses the bat. Your headbutt misses the bat.
The bat is severely wounded.
The bat hits you but does no damage.
You hit the bat.
You kill the bat!
The goblin hits you.
Your Unarmed Combat skill increases to level 3!
You completely miss the goblin. The goblin hits you.
You hit the goblin.
You kill the goblin!
Your Transmutations skill increases to level 2!
You hit the kobold.
You kill the kobold!
You see here a goblin corpse.
Your horns disappear.
Your talons disappear.
The goblin hits you with a +0 dagger.
You barely miss the goblin. The goblin hits you with a +0 dagger.
You are too injured to fight recklessly!
You are too injured to fight recklessly!
You see here a goblin corpse.
A quokka comes into view.
Found a leather armour.
The goblin completely misses you. The dart slug launches a dart at you.
The slug dart hits you.
* * * LOW HITPOINT WARNING * * *
Casting: Beastly Appendage (safe; 10% risk of failure)
Confirm with . or Enter, or press ? or * to list all spells.
You grow a pair of large bovine horns.
Your feet morph into talons.
The goblin barely misses you.
Unknown command.
You hit the goblin. Your headbutt misses the goblin.
The goblin is moderately wounded.
The goblin hits you with a +0 dagger.
You die...

#.....#...#.# #........#
#.....#...#.# #..#######
#.....#...#.# #)†.......
#.....#.....###..#######
#........#....#..#
#................#
#.....####..#.#..##
#...†.####..w.....#####
#####.#.@gr.............
#.#.##..#.#...######
##.#...........#
#..............#
###.............#
#.....##..#.#...#
####...÷.#.......[...
......................
#########.#...#.#


You could see a dart slug, a quokka and a goblin.

Vanquished Creatures
  A ball python (D:1)
  A bat (D:1)
  A giant cockroach (D:1)
  A goblin (D:1)
  A quokka (D:1)
  A kobold (D:1)
6 creatures vanquished.

Notes
Turn   | Place    | Note
-------+----------+-------------------------------------------
     0 | D:1      | night the Demigod Transmuter began the quest for the Orb.
     0 | D:1      | Reached XP level 1. HP: 15/15 MP: 5/5
   277 | D:1      | Reached skill level 3 in Unarmed Combat
   279 | D:1      | Reached skill level 2 in Transmutations
   290 | D:1      | HP: 2/15 [dart slug/slug dart (3)]
   298 | D:1      | Slain by a goblin

Illustrated notes

Levels and vault maps discovered:
D:1:      zaba_arrival_water, layout_basic

Skill      XL: |  1 |
---------------+----+-----
Unarmed Combat | 3 |  3.0
Transmutations | 2 |  2.0
Fighting       | |  0.8
Dodging        | |  1.7
Spellcasting   | |  1.7

Action                   || total
-------------------------++-------
Melee: Unarmed           ||    18
       Kick              ||     5
       Headbutt          ||     2
 Cast: Beastly Appendage ||     5
Armor: Robe              ||     3
Dodge: Dodged            ||    18

Table legend: (Time is in decaauts)
 A = Elapsed time spent in this place.
 B = Non-inter-level travel time spent in this place.
 C = Inter-level travel time spent in this place.
 D = Time resting spent in this place.
 E = Time spent auto-exploring this place.
 F = Levels seen in this place.
 G = Mean time per level.
                   A        B        C        D        E       F      G
               +--------+--------+--------+--------+--------+-----+--------+
         Total |    303 |    303 |      0 |      0 |    252 |   1 |  303.0 |
       Dungeon |    303 |    303 |      0 |      0 |    252 |   1 |  303.0 |
               +--------+--------+--------+--------+--------+-----+--------+

Top non-repeatable levels by time:
     D:1: 303 daAuts
